Map: Ley Lines

Players

wootwoot - Winner!

  • Race: Terran Terran
  • League: Diamond
  • Spawn Location: 7:00

TRUTH

  • Race: Zerg Zerg
  • League: Diamond
  • Spawn Location: 1:00

VOD

Have the link to the VOD?

Description

Time

  • Played on: April 23, 2025, 6:11 a.m.
  • Length: 8:00
Show
View Real Time Build Order
Export as new Build Order

wootwoot Terran - Winner!

Build Orders: 2 Factory, Gas First Reaper Expand 

Get SALT Encoding   

  12  0:00  SCV  
  13  0:12  SCV  
  14  0:17  Supply Depot  
  14  0:24  SCV  
  14  0:27  Refinery  
  15  0:38  SCV  
  16  0:44  Barracks  
  16  0:50  SCV  
  17  1:02  SCV  
  18  1:16  SCV  
  19  1:31  Orbital Command  
  19  1:32  Reaper  
  20  1:43  Command Center  
  20  1:54  Factory  
  20  1:57  SCV  
  20  2:07  Supply Depot  
  20  2:08  Barracks Reactor  
  20  2:11  SCV  
  20  2:14  Refinery  
  20  2:24  SCV  
  20  2:29  Barracks Reactor  
  18  2:36  SCV  
  19  2:47  Command Center  
  19  2:48  SCV  
  20  3:00  SCV  
  21  3:10  Factory  
  21  3:12  SCV, Hellion  
  23  3:13  Hellion  
  25  3:24  Barracks Tech Lab, SCV  
  26  3:36  SCV  
  26  3:38  Hellion  
  26  3:39  Hellion  
  31  3:58  SCV  
  31  4:01  SCV  
  33  4:08  Mag-Field Accelerator  
  33  4:09  Cyclone  
  36  4:11  SCV  
  36  4:14  Orbital Command  
  35  4:24  SCV, Hellion  
  38  4:25  Supply Depot  
  36  4:36  SCV  
  37  4:39  Supply Depot  
  37  4:44  SCV  
  41  4:48  SCV  
  41  4:51  Supply Depot  
  39  4:53  Supply Depot  
  39  4:56  SCV  
  40  5:00  SCV  
  41  5:08  SCV  
  41  5:09  Factory  
  41  5:11  Factory  
  41  5:12  SCV  
  43  5:14  Factory  
  43  5:20  SCV  
  44  5:24  SCV  
  44  5:25  Refinery  
  44  5:26  Refinery  
  45  5:29  Hellion  
  45  5:32  SCV  
  48  5:35  Cyclone  
  48  5:36  SCV  
  52  5:44  SCV  
  52  5:48  Infernal Pre-Igniter, SCV  
  54  5:54  Factory Tech Lab  
  54  5:55  Factory Tech Lab  
  54  5:56  SCV  
  55  5:57  Factory Reactor  
  55  5:58  Hellion x2  
  55  6:00  SCV  
  60  6:04  Supply Depot  
  60  6:08  Cyclone  
  64  6:13  Cyclone  
  64  6:15  Cyclone  
  69  6:27  Supply Depot  
  69  6:31  Hellion x2  
  73  6:34  Hellion x2  
  77  6:40  Cyclone  
  77  6:46  Cyclone  
  83  6:48  Hellion  
  83  6:49  Supply Depot  
  83  6:50  Supply Depot  
  85  7:02  Hellion x4  
  93  7:12  Supply Depot  
  93  7:13  Supply Depot, Cyclone  
  96  7:18  Cyclone  
  96  7:21  Hellion  
  97  7:27  Hellion  
  97  7:28  Hellion  
Show
View Real Time Build Order
Export as new Build Order

TRUTH Zerg 

Build Orders: Pool First 

Get SALT Encoding   

  12  0:18  Spawning Pool  
  12  0:21  Drone  
  12  0:26  Drone  
  13  0:32  Drone  
  14  0:40  Overlord  
  14  1:04  Zergling x6  
  17  1:15  Hatchery  
  17  1:16  Zergling x2  
  17  1:26  Zergling x2  
  18  1:34  Queen  
  18  1:38  Zergling x2  
  21  1:47  Overlord  
  21  1:59  Drone  
  22  2:13  Drone  
  22  2:20  Drone  
  22  2:21  Queen  
  24  2:29  Drone  
  22  2:35  Extractor  
  21  2:41  Drone x3  
  21  2:44  Queen  
  23  2:49  Drone  
  26  2:53  Drone x2  
  26  2:54  Drone  
  29  3:00  Drone x2  
  31  3:12  Drone x2  
  33  3:17  Drone  
  33  3:18  Drone x2  
  36  3:23  Overlord  
  36  3:30  Overlord  
  36  3:38  Metabolic Boost  
  37  3:41  Drone x4  
  37  3:47  Drone  
  37  3:48  Drone  
  43  3:55  Zergling x2  
  43  3:56  Roach Warren, Zergling x4  
  43  3:59  Zergling x2  
  45  4:05  Zergling x2  
  44  4:13  Drone x4  
  44  4:14  Zergling x2  
  48  4:24  Drone  
  48  4:25  Drone x3  
  48  4:28  Drone  
  52  4:35  Extractor  
  52  4:36  Extractor  
  50  4:43  Overlord x2  
  50  4:45  Hatchery  
  49  4:54  Drone x3  
  49  4:55  Lair  
  49  4:59  Extractor  
  50  5:12  Drone x2  
  50  5:13  Drone  
  53  5:14  Overlord x3  
  53  5:15  Drone  
  53  5:19  Roach x3  
  60  5:28  Evolution Chamber  
  59  5:30  Evolution Chamber  
  59  5:31  Drone  
  59  5:39  Spore Crawler  
  59  5:40  Drone x4, Spore Crawler  
  61  5:47  Drone  
  61  5:48  Drone x4  
  66  5:52  Drone  
  66  5:53  Drone  
  68  6:00  Zerg Missile Weapons Level 1  
  68  6:02  Zerg Ground Armor Level 1  
  68  6:12  Overseer  
  68  6:16  Drone x7  
  68  6:17  Drone  
  76  6:18  Glial Reconstitution  
  76  6:24  Infestation Pit  
  75  6:26  Drone x3  
  75  6:31  Drone x3  
  81  6:42  Extractor, Roach x4  
  81  6:43  Extractor  
  87  6:57  Hatchery  
  87  6:58  Roach x4  
  90  7:05  Overlord x2  
  90  7:08  Overlord x3  
  90  7:10  Overlord x2  
  90  7:18  Roach x3  
  90  7:22  Roach  
  89  7:29  Roach x3  
  93  7:30  Roach x4  
  93  7:35  Roach x2  
  90  7:40  Roach x4  
Tags
 
Add a new tag
Caveats
  • Supply blocks, unpowered buildings, or Contaminate may cause inaccurate times.
  • Supply counts are checked every 10 seconds.